 Dungeon Crawl Stone Soup version 0.20-a0-309-gcba9277 (webtiles) character file.

356 Junicave the Digger (level 6, 0/32 HPs)
             Began as a Gargoyle Earth Elementalist on Dec 19, 2016.
             Slain by a worker ant (1 damage)
             ... on level 4 of the Dungeon.
             The game lasted 00:09:50 (4158 turns).

Junicave the Digger (Gargoyle Earth Elementalist)   Turns: 4158, Time: 00:09:50

Health: 0/32       AC:  7    Str: 12    XL:     6   Next: 63%
Magic:  3/12       EV: 11    Int: 17    God:
Gold:   165        SH:  0    Dex: 10    Spells: 10/14 levels left

rFire  . . .     SeeInvis .     k - +0 spear
rCold  . . .     Gourm    .     t - +0 leather armour
rNeg   + . .     Faith    .     (no shield)
rPois  ∞         Spirit   .     (no helmet)
rElec  +         Reflect  .     (no cloak)
rCorr  .         Harm     .     (no gloves)
MR     .....                    (no boots)
Stlth  ++........               (no amulet)
                                (no ring)
                                (no ring)

@: no status effects
A: negative energy resistance 1, electricity resistance, unbreathing,
petrification resistance, rot immunity, AC +4
a: no special abilities


You were on level 4 of the Dungeon.
You were not hungry.

You visited 1 branch of the dungeon, and saw 4 of its levels.

You collected 165 gold pieces.

Inventory:

Hand Weapons
 k - a +0 spear (weapon)
Missiles
 b - 177 stones (quivered)
Armour
 c - a +0 robe
 t - a +0 leather armour (worn)
Jewellery
 y - an uncursed amulet of magic regeneration {unknown}
Scrolls
 a - a scroll of fog {unknown}
 h - a scroll of enchant weapon {unknown}
 j - 4 scrolls of recharging {unknown}
 m - 3 scrolls of magic mapping {unknown}
 n - 3 scrolls of identify {unknown}
 p - a scroll of teleportation {unknown}
 r - a scroll of blinking {unknown}
 x - a scroll of enchant armour {unknown}
Potions
 f - a potion of brilliance {unknown}
 g - 3 potions of heal wounds {unknown}
 i - 2 potions of magic {unknown}
 o - 2 potions of curing {unknown}
 q - 2 potions of agility {unknown}
 u - a potion of lignification {unknown}
 v - a potion of might {unknown}
 w - a potion of berserk rage {unknown}
Books
 e - a book of Geomancy

   Spells                             Type                      Level
   a - Sandblast                      Earth                        1
   b - Passwall                       Transmutation/Earth          2
   c - Stone Arrow                    Conjuration/Earth            3
   d - Petrify                        Transmutation/Earth          4
   e - Lee's Rapid Deconstruction     Earth                        5
Comestibles
 d - 3 bread rations
 l - a fruit
 s - a meat ration
 z - a royal jelly
 B - a beef jerky


   Skills:
 + Level 1.4 Armour
 - Level 1.5 Dodging
 - Level 2.1 Stealth
 * Level 4.5 Spellcasting
 + Level 2.9 Conjurations
   Level 0.7 Transmutations
 + Level 5.3 Earth Magic


You had 10 spell levels left.
You knew the following spells:

 Your Spells              Type           Power        Failure   Level  Hunger
a - Sandblast             Erth           ###...       2%          1    None
b - Stone Arrow           Conj/Erth      ###...       12%         3    ###....


Dungeon Overview and Level Annotations

Branches:
Dungeon (4/15)
 Temple: D:4-7

Altars:
Hepliaklqana
Yredelemnul

Annotations:
D:3 Sigmund


Innate Abilities, Weirdness & Mutations

You are resistant to torment.
Your stone body is resilient. (AC +4)
You are immune to poison.
You resist negative energy. (rN+)
You are resistant to electric shocks. (rElec)
You can survive without breathing.
You are immune to petrification.
You are immune to rotting.


Message History

Casting: Sandblast
Confirm with . or Enter, or press ? or * to list all spells.
Aiming: Sandblast
Press: ? - help, Shift-Dir - straight line, f/p - worker ant
Aim: a worker ant (severely wounded)
The blast of sand hits the worker ant.
The worker ant is severely wounded.
The worker ant closely misses you.
Casting: Sandblast
Confirm with . or Enter, or press ? or * to list all spells.
Aiming: Stone Arrow
Press: ? - help, Shift-Dir - straight line, f/p - worker ant
Aim: a worker ant (severely wounded)
The stone arrow misses the worker ant.
The worker ant bites you.
* * * LOW HITPOINT WARNING * * *
Casting: Stone Arrow
Confirm with . or Enter, or press ? or * to list all spells.
You don't have enough magic to cast that spell.
The worker ant bites you.
You die...

####.....................
##.#...###### #######.
###..###....#######.....
#...## ####..##.....####
...##..########....########
#.........................
###.####....#....#########
#. #####.#.##.## ######
#.###.a@....##...##.....
#.#...#####.####....P.P.
#.### #.######..._.. ...
##.........P.P. #..#
#.............) #..#
............#.# ...#
........)...#.. ....
..............# .##
...........####


You could see a worker ant.

Vanquished Creatures
  An ogre (D:4)
  A centaur zombie (D:4)
  An orc priest (D:2)
  A hound (D:4)
  An orc wizard (D:2)
  Terence (D:3)
  A hound skeleton (D:3)
  2 adders (D:2)
  A howler monkey skeleton (D:4)
  An ooze (D:2)
  A worm (D:2)
  2 dart slugs
  5 leopard geckos
  3 orcs
  3 ball pythons
  3 bats
  8 giant cockroaches
  5 goblins
  7 hobgoblins
  4 jackals (D:1)
  4 kobolds
  2 quokkas (D:2)
  4 frilled lizards
  7 rats
69 creatures vanquished.

Notes
Turn   | Place    | Note
-------+----------+-------------------------------------------
     0 | D:1      | Junicave the Gargoyle Earth Elementalist began the quest for the Orb.
     0 | D:1      | Reached XP level 1. HP: 10/10 MP: 3/3
   301 | D:1      | Reached XP level 2. HP: 7/15 MP: 0/5
   738 | D:1      | Reached skill level 4 in Earth Magic
   937 | D:1      | Reached XP level 3. HP: 15/19 MP: 7/7
   942 | D:1      | Learned a level 3 spell: Stone Arrow
  1949 | D:2      | Reached XP level 4. HP: 11/24 MP: 5/8
  2190 | D:2      | Reached skill level 1 in Conjurations
  2595 | D:2      | Reached XP level 5. HP: 24/28 MP: 1/10
  2931 | D:3      | Noticed Terence
  2957 | D:3      | Killed Terence
  3361 | D:3      | Noticed Sigmund
  3702 | D:3      | Reached skill level 5 in Earth Magic
  3955 | D:4      | Found a basalt altar of Yredelemnul.
  3963 | D:4      | Noticed an ogre
  3968 | D:4      | Killed an ogre
  3968 | D:4      | Reached skill level 1 in Armour
  3968 | D:4      | Reached XP level 6. HP: 32/32 MP: 2/12
  4048 | D:4      | Found a hazy altar of Hepliaklqana.
  4156 | D:4      | HP: 1/32 [worker ant (6)]
  4158 | D:4      | Slain by a worker ant

Vault maps used:
D:1:      dpeg_arrival_erosion, roderic_lattice_a
D:3:      uniq_sigmund, uniq_terence
D:4:      cheibriados_altar_1, kennysheep_mini, yredelemnul_altar_generic

Skill      XL: |  1  2  3  4  5 |
---------------+----------------+-----
Earth Magic    | 4 5 |  5.3
Spellcasting   | 3 4 |  4.5
Conjurations   | 1 2 |  2.9
Armour         | 1 |  1.4
Dodging        | |  1.5
Stealth        | |  2.1
Transmutations | |  0.7

Action                   |  1- 3 |  4- 6 || total
-------------------------+-------+-------++-------
Melee: Unarmed           |    82 |       ||    82
       Spear             |    96 |   144 ||   240
 Cast: Sandblast         |    38 |    36 ||    74
       Stone Arrow       |       |    11 ||    11
 Stab: Sleeping          |     4 |     2 ||     6
  Eat: Chunk             |     4 |     8 ||    12
Armor: Robe              |    73 |    21 ||    94
       Leather armour    |       |    39 ||    39
Dodge: Dodged            |   168 |   105 ||   273
